 Dungeon Crawl Stone Soup version 0.23-a0-356-g1757c6e (webtiles) character file.

4 pskda the Charmwright (level 1, -2/16 HPs)
             Began as a Merfolk Skald on Sept 17, 2018.
             Slain by a kobold
             ... wielding a +0 dagger
              (4 damage)
             ... on level 1 of the Dungeon on Oct 21, 2018.
             The game lasted 00:02:17 (112 turns).

pskda the Charmwright (Merfolk Skald)                Turns: 112, Time: 00:02:18

Health: -2/16      AC:  3    Str: 11    XL:     1   Next: 60%
Magic:  3/3        EV: 12    Int: 12    God:
Gold:   13         SH:  0    Dex: 13    Spells: 3/4 levels left

rFire    . . .     SeeInvis .   a - +0 spear
rCold    . . .     Gourm    .   (no shield)
rNeg     . . .     Faith    .   b - +0 leather armour
rPois    .         Spirit   .   (no helmet)
rElec    .         Reflect  .   (no cloak)
rCorr    .         Harm     .   (no gloves)
MR       .....                  (no boots)
Stlth    +.........             (no amulet)
HPRegen  0.05/turn              (no ring)
MPRegen  0.08/turn              (no ring)

@: no status effects
A: change form in water, swift swim, stealthy swim
a: no special abilities


You were on level 1 of the Dungeon.
You were not hungry.

You visited 1 branch of the dungeon, and saw 1 of its levels.

You collected 13 gold pieces.

Inventory:

Hand Weapons
 a - a +0 spear (weapon)
Armour
 b - a +0 leather armour (worn)
Scrolls
 c - a scroll of remove curse {unknown}
 f - a scroll of amnesia {unknown}
Potions
 e - a potion of invisibility {unknown}
Comestibles
 d - a ration


   Skills:
 + Level 2.2 Fighting
 + Level 3.0 Polearms
 + Level 0.7 Armour
 + Level 2.7 Dodging
 + Level 2.0 Spellcasting
 + Level 3.4 Charms


You had 3 spell levels left.
You knew the following spells:

 Your Spells              Type           Power        Failure   Level  Hunger
a - Infusion              Chrm           #...         9%          1    ##.....

Your spell library contained the following spells:

 Spells                   Type           Power        Failure   Level  Hunger
 Song of Slaying          Chrm           #.......     13%         2    ###....
 Shroud of Golubria       Chrm/Tloc      #.........   26%         2    ###....
 Regeneration             Chrm/Necr      #.........   45%         3    ####...
 Spectral Weapon          Hex/Chrm       #.......     45%         3    ####...


Dungeon Overview and Level Annotations

Branches:
Dungeon (1/15)

Altars:


Message History

The bat hits you but does no damage.
The leopard gecko bites you but does no damage.
The kobold hits you but does no damage. The leopard gecko bites you.
Found a scroll labeled YZXYEM PUG.
The kobold hits you with a +0 dagger.
You are too injured to fight recklessly!
You are too injured to fight recklessly!
You are too injured to fight recklessly!
You are too injured to fight recklessly!
You are too injured to fight recklessly!
You are too injured to fight recklessly!
You are too injured to fight recklessly!
You are too injured to fight recklessly!
You hit the kobold but do no damage. The kobold hits you with a +0 dagger.
* * * LOW HITPOINT WARNING * * *
You closely miss the kobold. The bat hits you.
* * * LOW HITPOINT WARNING * * *
A rat comes into view.
The kobold hits you with a +0 dagger.
You die...

#....#.((.(.....#
#....#........###
#.........(...#
###...(..[....[#
#.....(........###
#...............$.
#.....K..gKl......
....".....#K####...
.....r....#@.......
S...r......(..##...
....######b....#
.... #....## ...
...... ....?.##
......# .......#


You could see a leopard gecko, a hobgoblin, a bat, 2 kobolds and a rat
(wandering).

Vanquished Creatures
  A leopard gecko (D:1)
  A hobgoblin (D:1)
  A frilled lizard (D:1)
3 creatures vanquished.

Notes
Turn   | Place    | Note
-------+----------+-------------------------------------------
     0 | D:1      | pskda the Merfolk Skald began the quest for the Orb.
     0 | D:1      | Reached XP level 1. HP: 16/16 MP: 3/3
    33 | D:1      | Upgraded the game from 0.23-a0-175-g97aacdb to
                  | 0.23-a0-356-g1757c6e
   112 | D:1      | Slain by a kobold

Vault maps used:
D:1:      giann_forest_graveyard

Action                   || total
-------------------------++-------
Melee: Spear             ||    24
Armor: Leather armour    ||     8
Dodge: Dodged            ||    19

Table legend:
 A = Non-vault XP
 B = Vault XP
 C = Vault XP percentage of total XP
 D = Non-vault monster count
 E = Vault monster count
 F = Vault count percentage of total count
                 A         B        C        D         E       F
            +---------+---------+-------+---------+---------+-------
      Total |       6 |       0 |   0.0 |       3 |       0 |   0.0
            +---------+---------+-------+---------+---------+-------
        D:1 |       6 |       0 |   0.0 |       3 |       0 |   0.0
            +---------+---------+-------+---------+---------+-------
